 Dungeon Crawl Stone Soup version 0.31-a0-233-g139696dc86 (webtiles) character file.

Game seed: 7009958997638228397

86 pokeman the Magician (level 4, -2/25 HPs)
             Began as a Deep Elf Hedge Wizard on July 9, 2023.
             Slain by an orc
             ... wielding a +0 war axe
              (7 damage)
             ... on level 3 of the Dungeon.
             The game lasted 00:03:07 (2350 turns).

pokeman the Magician (Deep Elf Hedge Wizard)        Turns: 2350, Time: 00:03:08

Health: -2/25      AC:  2    Str:  7    XL:     4   Next: 26%
Magic:  0/13       EV: 13    Int: 21    God:
Gold:   76         SH:  0    Dex: 20    Spells: 6/14 levels left

rFire   . . .        a - +0 dagger
rCold   . . .        (no shield)
rNeg    . . .        b - +0 robe
rPois   .            c - +0 hat
rElec   .            (no cloak)
rCorr   .            (no gloves)
SInv    .            (no boots)
Will    .....        (no amulet)
Stlth   +++          j - +6 ring of dexterity
HPRegen 0.24/turn    (no ring)
MPRegen 0.13/turn

%: no passive effects
@: no status effects
A: no striking features
a: no special abilities


You were on level 3 of the Dungeon.
You visited 1 branch of the dungeon, and saw 3 of its levels.

You collected 76 gold pieces.

Inventory:

Hand Weapons
 a - a +0 dagger (weapon)
Armour
 b - a +0 robe (worn)
 c - a +0 hat (worn)
Jewellery
 j - a +6 ring of dexterity (left hand)
 l - a ring of ice
 m - an amulet of the acrobat
Wands
 p - a wand of paralysis (6)
Scrolls
 e - 2 scrolls of torment {unknown}
 g - 4 scrolls of identify {unknown}
 o - a scroll of fear {unknown}
 r - 2 scrolls of teleportation {unknown}
Potions
 d - a potion of magic
 f - a potion of might {unknown}
 h - a potion of heal wounds {unknown}
 i - a potion of mutation {unknown}
 k - 3 potions of curing {unknown}
 n - a potion of ambrosia {unknown}
 q - a potion of enlightenment {unknown}
 s - a potion of attraction {unknown}


   Skills:
 - Level 1.0 Fighting
 - Level 1.0 Armour
 + Level 2.7 Dodging
 + Level 2.7 Stealth
 * Level 5.6 Spellcasting
 + Level 2.2 Conjurations
 - Level 1.1 Summonings
 - Level 1.1 Translocations


You had 6 spell levels left.
You knew the following spells:

 Your Spells              Type           Power      Damage    Failure   Level
a - Magic Dart            Conj           60%        1d6       4%          1
b - Mephitic Cloud        Conj/Pois/Air  9%         N/A       22%         3
c - Call Imp              Summ           20%        N/A       10%         2
d - Blink                 Tloc           20%        N/A       10%         2

Your spell library contained the following spells:

 Spells                   Type           Power      Damage    Failure   Level
 Slow                     Hex            20%        N/A       11%         1
 Cigotuvi's Dreadful Rot  Necr/Pois/Air  10%        N/A       16%         2
 Inner Flame              Hex/Fire       5%         N/A       30%         3
 Flame Wave               Conj/Fire      10%        2d6       54%         4
 Sticky Flame             Conj/Fire      10%        2d3       54%         4


Dungeon Overview and Level Annotations

Branches:
Dungeon (3/15)

Altars:

Shops:
D:1 !


Message History

The orc priest appears confused.
Unknown command.
Found a trident.
The orc priest is engulfed in noxious fumes.
The orc priest appears confused.
An orc comes into view. It is wielding a +0 war axe.
The orc priest is engulfed in noxious fumes.
The orc priest appears confused.
The orc priest misses you.
You hit the orc priest.
The orc priest is lightly wounded.
The orc priest is engulfed in noxious fumes.
The orc priest appears confused.
The orc priest barely misses you.
You hit the orc priest.
The orc priest is moderately wounded.
You catch the helpless orc priest completely off-guard!
You puncture the orc priest!
You kill the orc priest!
You have reached level 4!
You feel clever.
You hit the orc.
The orc is lightly wounded.
The orc closely misses you.
You closely miss the orc.
The orc is lightly wounded.
The orc hits you with a +0 war axe!
You closely miss the orc.
The orc is lightly wounded.
The orc hits you with a +0 war axe! The orc hits you with a +0 war axe.
* * * LOW HITPOINT WARNING * * *
Things that are here:
a +0 mace; 9 gold pieces; an orc corpse The orc attacks as you move away!
The orc closely misses you.
Casting: Mephitic Cloud (extremely dangerous; 22% risk of failure)
Confirm with . or Enter, or press ? or * to list all spells.
A tiny devil pulls itself out of the air.
The orc misses you.
The orc barely misses your cerulean imp.
The orc attacks as you move away! The orc hits you with a +0 war axe!
You die...

## ... ..## ... #.## #..##
#####.)######
#......5....#####
#.......o@......######
######)######........#####
..). #####.........
..)..#. ########..
......## ### .......
......#


You could see an orc (ally target) and a friendly cerulean imp (summoned).

Vanquished Creatures
  An orc priest (D:3)
  2 adders (D:2)
  2 worms (D:2)
  3 orcs (D:3)
  3 endoplasms (D:2)
  A giant cockroach (D:2)
  3 goblins
  3 hobgoblins
  2 ball pythons
  3 bats (D:2)
  A frilled lizard (D:3)
  4 kobolds
  3 rats
31 creatures vanquished.

Notes
Turn   | Place    | Note
-------+----------+-------------------------------------------
     0 | D:1      | pokeman the Deep Elf Hedge Wizard began the quest for the
                  | Orb.
     0 | D:1      | Reached XP level 1. HP: 10/10 MP: 7/7
   489 | D:1      | Found Osudde Hifih's Distillery.
   808 | D:2      | Reached XP level 2. HP: 16/16 MP: 3/9
  1256 | D:2      | Reached skill level 5 in Spellcasting
  1408 | D:2      | Reached XP level 3. HP: 8/20 MP: 1/11
  1412 | D:2      | Learned a level 3 spell: Mephitic Cloud
  1415 | D:2      | Learned a level 2 spell: Call Imp
  1418 | D:2      | Learned a level 2 spell: Blink
  1952 | D:2      | Reached skill level 1 in Armour
  2188 | D:3      | Reached skill level 1 in Fighting
  2342 | D:3      | Reached XP level 4. HP: 25/25 MP: 1/13
  2350 | D:3      | Slain by an orc

Illustrated notes

Levels and vault maps discovered:
D:1:      denvon_arrival_waterhouse, layout_basic, serial_shops, shop
D:2:      layout_basic
D:3:      layout_rooms, minmay_checkerbox

Skill      XL: |  1  2  3 |
---------------+----------+-----
Spellcasting   | 5 |  5.6
Armour         | 1 |  1.0
Fighting       | 1 |  1.0
Conjurations   | 2 |  2.2
Dodging        | |  2.7
Stealth        | |  2.7
Summonings     | |  1.1
Translocations | |  1.1

Action                     |  1- 3 |  4- 6 || total
---------------------------+-------+-------++-------
  Melee: Dagger            |     9 |     3 ||    12
   Cast: Magic Dart        |   100 |       ||   100
         Mephitic Cloud    |     1 |       ||     1
         Call Imp          |       |     1 ||     1
   Stab: Confused          |     1 |       ||     1
 Armour: Robe              |     5 |       ||     5
  Dodge: Dodged            |    18 |     3 ||    21

Table legend: (Time is in decaauts)
 A = Elapsed time spent in this place.
 B = Non-inter-level travel time spent in this place.
 C = Inter-level travel time spent in this place.
 D = Time resting spent in this place.
 E = Time spent auto-exploring this place.
 F = Levels seen in this place.
 G = Mean time per level.
                   A        B        C        D        E       F      G
               +--------+--------+--------+--------+--------+-----+--------+
         Total |   2351 |   2160 |    191 |    117 |   1739 |   3 |  783.7 |
       Dungeon |   2351 |   2160 |    191 |    117 |   1739 |   3 |  783.7 |
               +--------+--------+--------+--------+--------+-----+--------+

Top non-repeatable levels by time:
     D:2: 1540 daAuts
     D:1: 635 daAuts
     D:3: 175 daAuts
